 Dungeon Crawl Stone Soup version 0.31-a0-204-g7da18cac08 (webtiles) character file.

Game seed: 5108225856871489149

15 qw the Shooter (level 2, 0/16 HPs)
             Began as a Deep Elf Hunter on June 27, 2023.
             Slain by a gnoll
             ... wielding a +0 halberd
              (8 damage)
             ... on level 2 of the Dungeon.
             The game lasted 00:00:12 (410 turns).

qw the Shooter (Deep Elf Hunter)                     Turns: 410, Time: 00:00:13

Health: 0/16       AC:  3    Str:  8    XL:     2   Next: 34%
Magic:  4/4        EV: 12    Int: 13    God:
Gold:   102        SH:  0    Dex: 18    Spells: 1/1 levels left

rFire   . . .        Y - +1 shortbow
rCold   + . .        (shield currently unavailable)
rNeg    . . .        d - +0 leather armour {rC+}
rPois   .            (no helmet)
rElec   .            (no cloak)
rCorr   .            (no gloves)
SInv    .            (no boots)
Will    .....        (no amulet)
Stlth   ++           (no ring)
HPRegen 0.22/turn    (no ring)
MPRegen 0.09/turn

%: no passive effects
@: no status effects
A: no striking features
a: no special abilities


You were on level 2 of the Dungeon.
You visited 1 branch of the dungeon, and saw 2 of its levels.

You collected 102 gold pieces.


   Skills:
 - Level 1.5 Fighting
 + Level 6.2 Ranged Weapons
 - Level 2.4 Dodging
 - Level 1.2 Stealth


You had one spell level left.
You didn't know any spells.
Your spell library was empty.

Inventory:

Hand Weapons
 Y - a +1 shortbow (weapon)
Armour
 d - a +0 leather armour of cold resistance (worn)
 e - a +0 scale mail
Scrolls
 g - a scroll of identify
Potions
 i - a potion of mutation {unknown}
 j - a potion of might {unknown}

Dungeon Overview and Level Annotations

Branches:
Dungeon (2/15)

Altars:


Message History

The ball python closely misses you. The ball python grabs you.
The ball python constricts you.
You shoot an arrow.
The arrow barely misses the ball python.
The ball python bites you. The ball python constricts you.
The rat barely misses you.
You shoot an arrow. The arrow hits the ball python.
You kill the ball python!
The rat barely misses you.
You shoot an arrow. The arrow closely misses the rat.
The gnoll shouts!
The bat barely misses you. The rat bites you.
A gnoll comes into view. It is wielding a +0 spear.
395 ||| STAIRDANCE The rat bites you.
You climb upwards.
There is a stone staircase leading down here.
You shoot an arrow. The arrow hits the rat!
You kill the rat!
You start resting.
HP restored.
Done exploring.
(D) Dungeon
Where to? (* - list waypoints, Enter - D:2, ? - help)
What level of the Dungeon? (default 1, ? - help)
You climb downwards.
The bat closely misses you. The bat hits you but does no damage.
A kobold comes into view. It is wielding a +0 whip.
The bat misses you. The worm barely misses you. The gnoll misses you.
The gnoll closely misses you.
There is a stone staircase leading up, spattered with blood here.
You shoot an arrow. The arrow hits the bat.
You kill the bat!
The gnoll hits you from afar with a +0 halberd.
The gnoll closely misses you. The worm bites you.
410 ||| STAIRDANCE The gnoll hits you from afar with a +0 halberd.
The gnoll hits you from afar with a +0 halberd!
Ouch! That really hurt!
You die...

##......##
#........##
..........#
......!..$#
..........#
..........#
....!.....##
#....(w@...#
#......%.#.#
.......gg>.
..........##
.......K...
....g......#
...........#
#......>.#.#


You could see a worm, 3 gnolls and a kobold.

Vanquished Creatures
  A ball python (D:2)
  4 endoplasms (D:1)
  A giant cockroach (D:1)
  A goblin (D:1)
  A kobold (D:1)
  2 bats
  A frilled lizard (D:1)
  3 rats (D:1)
14 creatures vanquished.

Notes
Turn   | Place    | Note
-------+----------+-------------------------------------------
     0 | D:1      | qw the Deep Elf Hunter began the quest for the Orb.
     0 | D:1      | Reached XP level 1. HP: 12/12 MP: 3/3
     0 | D:1      | 0 ||| qw: Version: 0.3-a-22-g0ed2b0b
     0 | D:1      | 0 ||| qw: Game counter: 6428
     0 | D:1      | 0 ||| qw: Melee chars always use a shield: true
     0 | D:1      | 0 ||| qw: God list: Okawaru
     0 | D:1      | 0 ||| qw: Allow faded altars: false
     0 | D:1      | 0 ||| qw: Do Orc after clearing Dungeon:15 true
     0 | D:1      | 0 ||| qw: Do second Lair branch before Depths: true
     0 | D:1      | 0 ||| qw: Lair rune preference: random
     0 | D:1      | 0 ||| qw: Goals: Normal
     0 | D:1      | 0 ||| PLANNING D:1-11
   117 | D:1      | Reached XP level 2. HP: 16/16 MP: 4/4
   120 | D:1      | Reached skill level 6 in Ranged Weapons
   372 | D:1      | 372 ||| UPGRADING to +0 leather armour of cold resistance.
   382 | D:1      | 382 ||| DROPPING +0 leather armour.
   383 | D:1      | 383 ||| DROPPING ring of magical power.
   384 | D:1      | 384 ||| READING scroll labelled QOPNILUUFA.
   385 | D:1      | 385 ||| READING 2 scrolls labelled RYPLUTA LAUNT.
   386 | D:1      | 386 ||| READING scroll labelled OREYJA RASOSA.
   387 | D:1      | 387 ||| DROPPING scroll of butterflies.
   395 | D:2      | 395 ||| STAIRDANCE
   410 | D:2      | 410 ||| STAIRDANCE
   410 | D:2      | Slain by a gnoll

Levels and vault maps discovered:
D:1:      dpeg_arrival_tiny_a, layout_rooms, minmay_pentomino_q4
D:2:      layout_rooms

Skill      XL: |  1  2 |
---------------+-------+-----
Ranged Weapons | 6 |  6.2
Fighting       | |  1.5
Dodging        | |  2.4
Stealth        | |  1.2

Action                     || total
---------------------------++-------
   Fire: Shortbow          ||    36
    Use: Scroll            ||     3
 Armour: Leather armour    ||     3
  Dodge: Dodged            ||    16

Table legend:
 A = Non-vault XP
 B = Vault XP
 C = Vault XP percentage of total XP
 D = Non-vault monster count
 E = Vault monster count
 F = Vault count percentage of total count
                 A         B        C        D         E       F
            +---------+---------+-------+---------+---------+-------
      Total |      17 |       5 |  22.7 |      10 |       4 |  28.6
            +---------+---------+-------+---------+---------+-------
        D:1 |      14 |       5 |  26.3 |       8 |       4 |  33.3
        D:2 |       3 |       0 |   0.0 |       2 |       0 |   0.0
            +---------+---------+-------+---------+---------+-------
